 Dungeon Crawl Stone Soup version 0.20.1-1-g8b1a95d (webtiles) character file.

52 Klimbambiesel the Magician (level 3, 20/20 HPs)
             Began as a Deep Elf Ice Elementalist on Oct 7, 2017.
             Was an Initiate of Fedhas.
             Quit the game on level 2 of the Dungeon.
             The game lasted 00:40:53 (2441 turns).

Klimbambiesel the Magician (DEIE)                   Turns: 2441, Time: 00:40:54

Health: 20/20      AC:  3    Str:  5    XL:     3   Next: 60%
Magic:  10/10      EV: 13    Int: 20    God:    Fedhas [......]
Gold:   60         SH:  0    Dex: 15    Spells: 4/10 levels left

rFire    . . .     SeeInvis .   l - +0 dagger
rCold    . . .     Gourm    .   (no shield)
rNeg     . . .     Faith    .   a - +0 robe
rPois    .         Spirit   .   (no helmet)
rElec    .         Reflect  .   (no cloak)
rCorr    .         Harm     .   d - +0 pair of gloves
MR       .....                  (no boots)
Stlth    ++........             (no amulet)
Regen    0.1/turn               (no ring)
MPRegen  0.2/turn               (no ring)

@: no status effects
A: no striking features
a: Fungal Bloom, Renounce Religion


You were on level 2 of the Dungeon.
You worshipped Fedhas.
Fedhas was noncommittal.
You were not hungry.

You visited 1 branch of the dungeon, and saw 2 of its levels.

You collected 60 gold pieces.

Inventory:

Hand Weapons
 l - a +0 dagger (weapon)
Missiles
 f - 55 stones (quivered)
Armour
 a - a +0 robe (worn)
 d - a +0 pair of gloves (worn)
Scrolls
 e - a scroll of identify
 h - a scroll of fear {unknown}
 i - a scroll of recharging {unknown}
 k - a scroll of fog {unknown}
Potions
 g - a potion of ambrosia
 j - a potion of invisibility {unknown}
Books
 b - a book of Frost

   Spells                             Type                      Level
   a - Freeze                         Ice                          1
   b - Throw Frost                    Conjuration/Ice              2
   c - Ozocubu's Armour               Charms/Ice                   3
   d - Throw Icicle                   Conjuration/Ice              4
   e - Summon Ice Beast               Ice/Summoning                4
Comestibles
 c - a bread ration


   Skills:
 - Level 0.7 Fighting
 - Level 2.4 Dodging
 - Level 2.4 Stealth
 + Level 4.4 Spellcasting
 + Level 1.3 Conjurations
 + Level 0.8 Charms
 + Level 3.8 Ice Magic


You had 4 spell levels left.
You knew the following spells:

 Your Spells              Type           Power        Failure   Level  Hunger
a - Freeze                Ice            ###.         2%          1    None
b - Throw Frost           Conj/Ice       ##....       6%          2    #......
d - Ozocubu's Armour      Chrm/Ice       ##......     14%         3    ###....


Dungeon Overview and Level Annotations

Branches:
Dungeon (2/15)

Altars:
Fedhas


Message History

Okay, then.
Okay, then.
Your movement speed is average.
Your attack speed is average.
Unknown command.
Press < or > to pray at altars.
Okay, then.
Nothing appears to happen.
You offer a prayer to Fedhas.
Welcome back, Klimbambiesel the Deep Elf Ice Elementalist.
Fedhas says: Spread life and death.
Press ? for a list of commands and other information.
Are you sure you want to abandon this character and quit the game? (Confirm with "yes".)
Okay, then.
Unknown command.
Press < or > to pray at altars.
Quiver which item? (- for none, * to show all) (? for menu, Esc to quit)
Okay, then.
Are you sure you want to abandon this character and quit the game? (Confirm with "yes".)
Okay, then.
Are you sure you want to abandon this character and quit the game? (Confirm with "yes".)

#.[ ..# #.# #
#.###+###..#
#.###@'....#
#.###'###..#
##.# #.#
#..###.###...
##..........#
####..##..###..#
........)## .#
#######.## # #.#


There were no monsters in sight!

Vanquished Creatures
  An adder (D:2)
  3 dart slugs (D:1)
  A leopard gecko (D:1)
  A ball python (D:1)
  2 giant cockroaches (D:1)
  4 goblins
  7 hobgoblins
  3 jackals (D:1)
  2 kobolds (D:1)
  3 bats (D:1)
  2 frilled lizards
  3 rats (D:1)
32 creatures vanquished.

Notes
Turn   | Place    | Note
-------+----------+-------------------------------------------
     0 | D:1      | Klimbambiesel the Deep Elf Ice Elementalist began the quest for the Orb.
     0 | D:1      | Reached XP level 1. HP: 10/10 MP: 6/6
   490 | D:1      | Reached XP level 2. HP: 15/15 MP: 5/8
   494 | D:1      | Learned a level 2 spell: Throw Frost
  1229 | D:1      | Reached skill level 4 in Spellcasting
  1649 | D:1      | Reached XP level 3. HP: 20/20 MP: 5/10
  1661 | D:1      | Learned a level 3 spell: Ozocubu's Armour
  2434 | D:2      | Found a blossoming altar of Fedhas.
  2439 | D:2      | Became a worshipper of Fedhas Madash
  2441 | D:2      | Quit the game

Skill      XL: |  1  2 |
---------------+-------+-----
Spellcasting   | 4 |  4.4
Fighting       | |  0.7
Dodging        | |  2.4
Stealth        | |  2.4
Conjurations   | |  1.3
Charms         | |  0.8
Ice Magic      | |  3.8

Action                   || total
-------------------------++-------
Throw: Stone             ||     9
 Cast: Freeze            ||    27
       Throw Frost       ||    30
       Ozocubu's Armour  ||     1
Invok: Fungal Bloom      ||     1
  Use: Scroll            ||     1
  Eat: Chunk             ||     5
Armor: Robe              ||     5
Dodge: Dodged            ||    18
